 Dungeon Crawl Stone Soup version 0.31-a0-8-gd14b0f4ee2 (webtiles) character file.

Game seed: 5864106996255471926

0 Firecrotchwizard the Trooper (level 1, 0/24 HPs)
             Began as an Ogre Berserker on May 7, 2023.
             Was a Follower of Trog.
             Slain by a rat (2 damage)
             ... on level 1 of the Dungeon.
             The game lasted 00:00:50 (94 turns).

Firecrotchwizard the Trooper (Ogre Berserker)         Turns: 94, Time: 00:00:52

Health: 0/24       AC:  3    Str: 20    XL:     1   Next: 0%
Magic:  1/1        EV: 10    Int:  8    God:    Trog [*.....]
Gold:   0          SH:  0    Dex:  8    Spells: 0/0 levels left

rFire   . . .        a - +0 mace
rCold   . . .        (no shield)
rNeg    . . .        b - +0 animal skin
rPois   .            (helmet restricted)
rElec   .            (no cloak)
rCorr   .            (gloves unavailable)
SInv    .            (boots unavailable)
Will    .....        (no amulet)
Stlth   +            (no ring)
HPRegen 0.24/turn    (no ring)
MPRegen 0.07/turn

%: no passive effects
@: no status effects
A: large, unfitting armour, tough skin 1
a: Renounce Religion, Berserk


You were on level 1 of the Dungeon.
You worshipped Trog.
Trog was aware of your devotion.
You visited 1 branch of the dungeon, and saw 1 of its levels.

Inventory:

Hand Weapons
 a - a +0 mace (weapon)
Armour
 b - a +0 animal skin (worn)
Scrolls
 c - a scroll of poison {unknown}
 d - a scroll of immolation {unknown}


   Skills:
 + Level 4.0 Fighting
 + Level 2.6 Maces & Flails
 + Level 2.6 Dodging


You couldn't memorise any spells.
You didn't know any spells.
Your spell library was empty.

Dungeon Overview and Level Annotations

Branches:
Dungeon (1/15)

Altars:


Innate Abilities, Weirdness & Mutations

You are too large for most types of armour.
You have tough skin. (AC +1)


Message History

Lua error: /dgldir/rcfiles/crawl-git/Firecrotchwizard.rc:334: '' expected near 'end' Welcome, Firecrotchwizard the Ogre Berserker.
Everyone else who sought the Orb of Zot has failed.
Will you be different?
Trog says: Kill them all!
Press ? for a list of commands and other information.
Found a scroll labelled APNUKA ISTE.
Found a staircase leading out of the dungeon.
Unknown command.
Unknown command.
You aren't carrying any potions.
Unknown command.
Unknown command.
No target in view!
Found a scroll labelled SANICE CIFF.
c - a scroll labelled SANICE CIFF
There are no items here.
Found a scroll labelled XULOZE KEST.
You hit the plant.
The plant begins to die.
The plant is lightly damaged.
A nearby plant withers and dies.
You sock the plant!
The plant begins to die.
The plant is lightly damaged.
A nearby plant withers and dies.
d - a scroll labelled XULOZE KEST A rat comes into view.
A goblin comes into view. It is wielding a +0 club.
A rat comes into view.
The goblin shouts!
The goblin hits you but does no damage. The goblin barely misses you.
The rat bites you but does no damage. The goblin misses you.
The rat closely misses you. The goblin hits you with a +0 club.
The rat bites you but does no damage. The goblin barely misses you.
The rat bites you. The goblin hits you with a +0 club.
The rat bites you but does no damage. The goblin closely misses you.
The rat closely misses you. The goblin hits you but does no damage.
The rat bites you but does no damage. The goblin hits you but does no damage.
The rat closely misses you. The goblin barely misses you.
The rat twitches its whiskers.
The rat bites you but does no damage. The goblin barely misses you.
The rat bites you but does no damage. The goblin hits you with a +0 club.
The rat bites you but does no damage. The goblin hits you but does no damage.
The rat barely misses you. The goblin hits you but does no damage.
The rat bites you. The goblin barely misses you. The rat barely misses you.
The goblin closely misses you. The rat misses you.
The goblin hits you with a +0 club. The rat closely misses you.
The goblin hits you with a +0 club.
* * * LOW HITPOINT WARNING * * *
The rat barely misses you. The goblin barely misses you. The rat bites you.
* * * LOW HITPOINT WARNING * * *
The goblin hits you but does no damage. The rat misses you.
Unknown command.
The goblin hits you with a +0 club.
* * * LOW HITPOINT WARNING * * *
The rat bites you but does no damage. The goblin hits you with a +0 club.
* * * LOW HITPOINT WARNING * * *
The rat bites you but does no damage. The goblin closely misses you.
The rat bites you but does no damage.
Unknown command.
The goblin hits you but does no damage. The rat bites you.
* * * LOW HITPOINT WARNING * * *
The goblin hits you but does no damage. The rat bites you but does no damage.
Unknown command.
The goblin hits you with a +0 club.
* * * LOW HITPOINT WARNING * * *
The rat bites you but does no damage. The goblin hits you but does no damage.
The rat bites you.
* * * LOW HITPOINT WARNING * * *
The goblin barely misses you. The rat closely misses you.
Unknown command.
The goblin closely misses you. The rat bites you but does no damage.
Unknown command.
The goblin hits you but does no damage. The rat bites you.
You die...

♣♣♣♣.##.####
~P........
#.##.#
P.........
#.#####.##.#
######..##
#..........#
#.##
#######.####
.........#
.#######.##
#.r# ##@#
♣g♣ #r# ♣.♣
#.# ♣.♣ #..
♣.♣


You could see a goblin and 2 rats.

Vanquished Creatures (others)
  2 plants (D:1)
2 creatures vanquished.

Notes
Turn   | Place    | Note
-------+----------+-------------------------------------------
     0 | D:1      | Firecrotchwizard the Ogre Berserker began the quest for the
                  | Orb.
     0 | D:1      | Reached XP level 1. HP: 24/24 MP: 1/1
    94 | D:1      | Slain by a rat

Illustrated notes

Levels and vault maps discovered:
D:1:      eino_arrival_druids_welcome, layout_loops_ring, serial_shops, shop,
          serial_forest, infiniplex_forest_end_3, infiniplex_forest_lined_3_way,
          infiniplex_forest_lined_2, infiniplex_forest_lined_room_2,
          infiniplex_forest_lined_ring, infiniplex_forest_split,
          infiniplex_forest_corner_1

Action                     || total
---------------------------++-------
  Melee: Mace              ||     2
 Armour: Animal skin       ||    23
  Dodge: Dodged            ||    22

Table legend: (Time is in decaauts)
 A = Elapsed time spent in this place.
 B = Non-inter-level travel time spent in this place.
 C = Inter-level travel time spent in this place.
 D = Time resting spent in this place.
 E = Time spent auto-exploring this place.
 F = Levels seen in this place.
 G = Mean time per level.
                   A        B        C        D        E       F      G
               +--------+--------+--------+--------+--------+-----+--------+
         Total |     94 |     94 |      0 |      0 |      0 |   1 |   94.0 |
       Dungeon |     94 |     94 |      0 |      0 |      0 |   1 |   94.0 |
               +--------+--------+--------+--------+--------+-----+--------+

Top non-repeatable levels by time:
     D:1: 94 daAuts
